 Dungeon Crawl Stone Soup version 0.28.0-45-g0d030f2227 (webtiles) character file.

Game seed: 13297714429400274622

7328 issech the Basher (level 10, -9/103 HPs)
             Began as a Troll Monk on Apr 14, 2022.
             Was an Elder of Hepliaklqana.
             Mangled by an orc knight
             ... wielding a +4 war axe
              (34 damage)
             ... in a bailey.
             The game lasted 00:31:06 (7942 turns).

issech the Basher (Troll Monk)                      Turns: 7942, Time: 00:31:07

Health: -9/103     AC: 11    Str: 21    XL:     10   Next: 90%
Magic:  9/9        EV: 12    Int:  6    God:    Hepliaklqana [****..]
Gold:   328        SH:  0    Dex: 16    Spells: 9/9 levels left

rFire   . . .      SeeInvis .   J - +0 giant spiked club
rCold   . . .      Faith    .   (shield currently unavailable)
rNeg    . . .      Spirit   .   W - +0 acid dragon scales
rPois   +          Reflect  .   V - +1 hat {Will+}
rElec   .          Harm     .   h - +1 cloak
rCorr   +          Rampage  .   (gloves unavailable)
Will    +....                   (boots unavailable)
Stlth   ++........              k - amulet of Vitality {Regen+ HP+15}
HPRegen 1.87/turn               y - ring of poison resistance
MPRegen 0.11/turn               (no ring)

@: no status effects
A: reduced essence, large, unfitting armour, claws 3, regeneration 1, shaggy fur
1, tough skin 1
a: Renounce Religion, Recall Ancestor, Ancestor Identity, Transference, Idealise


You were in a bailey.
You worshipped Hepliaklqana.
Hepliaklqana was greatly pleased with you.
You visited 2 branches of the dungeon, and saw 10 of its levels.
You also visited: Bailey.

You collected 328 gold pieces.

Inventory:

Hand Weapons
 l - a +0 mace of protection
 p - a +3 trident of freezing
 E - a +2 dagger of venom
 J - a +0 giant spiked club (weapon)
 K - a +2 vorpal trident
 L - a +0 morningstar
Missiles
 a - a throwing net
 f - 82 sling bullets
 g - 136 stones
 n - 179 arrows
 v - 3 javelins
 D - 10 poisoned darts
 U - 11 boomerangs
Armour
 b - a +0 robe
 h - a +1 cloak (worn)
 P - a +1 hat
 S - a +0 cloak of willpower
 V - a +1 hat of willpower (worn)
 W - +0 acid dragon scales (worn)
Magical Staves
 R - a staff of cold
Jewellery
 k - the amulet of Vitality (around neck) {Regen+ HP+15}
   (You acquired it on level 9 of the Dungeon)

   [amulet of regeneration]

   HP:        It affects your health (+15).
   Regen:     It increases your rate of health regeneration.
 y - a ring of poison resistance (left claw)
Wands
 A - a wand of flame (12) (quivered)
 F - a wand of digging (7)
 T - a wand of iceblast (1)
Scrolls
 e - a scroll of immolation
 j - a scroll of blinking
 q - 2 scrolls of fear
 r - a scroll of noise
 u - a scroll of enchant weapon
 B - 2 scrolls of teleportation
 H - a scroll of silence
 N - a scroll of amnesia
Potions
 c - 2 potions of haste
 d - a potion of brilliance {unknown}
 i - 2 potions of resistance {unknown}
 m - a potion of cancellation {unknown}
 o - 3 potions of magic {unknown}
 s - 6 potions of curing {unknown}
 w - a potion of heal wounds
 x - a potion of degeneration {unknown}
 I - 2 potions of mutation {unknown}
 O - 2 potions of flight {unknown}
 Q - a potion of might {unknown}


   Skills:
 + Level 6.2 Fighting
 + Level 11.3 Maces & Flails
 + Level 2.3 Throwing
 + Level 1.6 Armour
 + Level 6.0 Dodging
 + Level 3.9 Stealth


You had 9 spell levels left.
You didn't know any spells.
Your spell library contained the following spells:

 Spells                   Type           Power      Damage    Failure   Level
 Beastly Appendage        Tmut           0%         N/A       54%         1
 Wereblood                Tmut           0%         N/A       67%         2
 Call Canine Familiar     Summ           0%         N/A       88%         3
 Portal Projectile        Hex/Tloc       0%         N/A       88%         3
 Spider Form              Tmut/Pois      0%         N/A       88%         3
 Leda's Liquefaction      Hex/Erth       0%         N/A       99%         4


Dungeon Overview and Level Annotations

Branches:
Dungeon (9/15)             Temple (1/1) D:6          Bailey (1/1)
   Lair: D:8-11         Orc: D:9-12

Altars:
Ashenzari
Cheibriados
Dithmenos
Elyvilon
Fedhas
Gozag
Hepliaklqana
Makhleb
Nemelex Xobeh
Qazlal
Ru
Trog
Uskayaw
Vehumet
Wu Jian
Xom
Yredelemnul
Zin
The Shining One
Lugonu

Shops:
D:3 *

Portals:
Abyss: D:8


Innate Abilities, Weirdness & Mutations

Your life essence is reduced to manifest your ancestor. (-10% HP)
You are too large for most types of armour.
You have claws for hands.
Your natural rate of healing is unusually fast.
You are covered in fur. (AC +1)
You have tough skin. (AC +1)


Message History

The orc knight is heavily wounded.
The orc knight hits you with a +4 war axe!!!
The orc knight hits Mettia with a +4 war axe!!
Mettia hits the orc knight with a +0 quarterstaff!
You strike the helpless orc knight from behind!
You hit the orc knight.
The orc knight is almost dead.
The orc knight barely misses you.
The orc knight hits Mettia with a +4 war axe!!
Mettia is destroyed!
The orc knight hits you with a +4 war axe!!!
* * * LOW HITPOINT WARNING * * *
The orc warrior no longer looks unusually strong.
The orc knight roars a battlecry!
The orc warrior goes into a battle-frenzy!
Items here: )) [[ †.
The orc knight no longer looks unusually strong. x2
There is a large open door here.
The orc warrior no longer looks unusually strong.
The orc knight roars a battlecry!
The orcs go into a battle-frenzy!
There is an open gate here.
You are too injured to fight recklessly!
Aiming: Throw Flame
Press: ? - help, Shift-Dir - straight line, f - orc knight
Aim: an orc knight, wielding a +4 war axe and wearing a +0 chain mail (almost dead, strong, 64% to hit)
The puff of flame misses the orc knight. x2
The puff of flame hits the hobgoblin!
You kill the hobgoblin!
Hit: J) +0 giant spiked club
Press: ? - help, Dir - move target, f - you, p - orc knight
Okay, then.
You hit the orc knight.
The orc knight is almost dead.
The orc knight roars a battlecry!
The orc knight goes into a battle-frenzy!
The orc knight hits you with a +4 war axe!!
* * * LOW HITPOINT WARNING * * *
The orc knight hits you with a +4 war axe!!
You die...

#≈≈≈≈≈# ######### ####
#≈≈≈≈≈# #.......#.....
#≈≈≈≈≈# #.8o8.8.o.....
#≈≈≈≈≈######)..##########
#≈≈≈≈≈≈.#...o..#
######.≈≈≈≈≈.#...)..#
#......≈≈≈≈≈.#''#####
###......≈≈≈≈≈.#o....#
#..............@o....#
#∩..∩..........)).⌠..#
#..............')....#
###......≈≈≈≈≈.#)....#
#......≈≈≈≈≈.#''#####
######.≈≈≈≈≈.#......#
#≈≈≈≈≈≈.#..)...#
#≈≈≈≈≈######...#####
#≈≈≈≈≈# #.8.8.8.+


You could see 2 orc knights and 2 orc warriors.

Vanquished Creatures
  A two-headed ogre (D:9)
  Maurice (D:9)
  A kobold demonologist (D:8)
  2 yaks (D:9)
  An acid dragon (D:9)
  3 water moccasins
  An orc warrior (Bailey)
  An ice beast (D:6)
  A necrophage (D:4)
  3 centaurs
  A phantom (D:6)
  A bullfrog (D:8)
  A water moccasin skeleton (D:6)
  7 wights (D:8)
  An electric eel (Bailey)
  A howler monkey (D:8)
  A hound (D:4)
  A jelly (D:4)
  2 orc priests
  5 orc wizards
  Ijyb (D:3)
  Terence (D:3)
  A hound skeleton (D:5)
  A gnoll (Bailey)
  6 adders
  An adder skeleton (D:4)
  A worm (D:2)
  A dart slug (D:4)
  19 orcs
  8 ball pythons
  5 endoplasms
  7 giant cockroaches
  4 hobgoblins
  A quokka (D:1)
  5 bats
  3 frilled lizards
  7 goblins
  10 kobolds
  9 rats
127 creatures vanquished.

Vanquished Creatures (collateral kills)
  Gastronok (D:8)
  Harold (D:8)
  An orc knight (Bailey)
  3 yaks (D:9)
  An acid dragon (D:8)
  A water moccasin (D:9)
  An orc warrior (Bailey)
  Duvessa (D:6)
  An ice beast (D:7)
  2 ogres
  2 bullfrogs (D:8)
  2 wyvern zombies
  Dowan (D:6)
  A wight (D:8)
  A bullfrog zombie (D:5)
  A jelly (D:6)
  3 orc priests
  3 hounds (D:5)
  A centaur skeleton (D:5)
  2 orc wizards
  An adder (D:5)
  A gnoll (Bailey)
  2 white imps (D:6)
  2 adder zombies (D:5)
  12 orcs
  A goblin (Bailey)
  2 hobgoblins
  A quokka (D:5)
52 creatures vanquished.

Vanquished Creatures (others)
  3 battlemagi
3 creatures vanquished.

Grand Total: 182 creatures vanquished

Notes
Turn   | Place    | Note
-------+----------+-------------------------------------------
     0 | D:1      | issech the Troll Monk began the quest for the Orb.
     0 | D:1      | Reached XP level 1. HP: 22/22 MP: 0/0
   113 | D:1      | Reached XP level 2. HP: 29/29 MP: 1/1
   121 | D:1      | Reached skill level 3 in Maces & Flails
   880 | D:2      | Reached XP level 3. HP: 33/36 MP: 2/2
  1145 | D:2      | Found a faded altar of an unknown god.
  1726 | D:3      | Reached XP level 4. HP: 44/44 MP: 3/3
  1890 | D:3      | Found Laikhaipp's General Store.
  2158 | D:3      | Noticed Terence
  2173 | D:3      | Killed Terence
  2245 | D:3      | Reached skill level 4 in Maces & Flails
  2291 | D:3      | Noticed Ijyb
  2316 | D:3      | Killed Ijyb
  2317 | D:3      | Reached skill level 1 in Throwing
  2317 | D:3      | Reached XP level 5. HP: 45/52 MP: 4/4
  3063 | D:4      | Noticed a necrophage
  3082 | D:4      | Killed a necrophage
  3083 | D:4      | Reached XP level 6. HP: 60/61 MP: 5/5
  3256 | D:4      | Reached skill level 5 in Maces & Flails
  3333 | D:4      | Found the +3 pair of gauntlets of War {Slay+5}
  3612 | D:5      | Entered Level 5 of the Dungeon
  3656 | D:5      | Found a hazy altar of Hepliaklqana.
  3691 | D:5      | Became a worshipper of Hepliaklqana the Forgotten
  3691 | D:5      | Reached * piety under Hepliaklqana
  3691 | D:5      | Reached ** piety under Hepliaklqana
  3692 | D:5      | Remembered your ancestor Mettia as a battlemage
  4125 | D:5      | Found a hide-covered altar of Uskayaw.
  4163 | D:5      | Reached XP level 7. HP: 58/60 MP: 6/6
  4778 | D:6      | Reached skill level 6 in Maces & Flails
  4801 | D:6      | Noticed Dowan
  4805 | D:6      | Noticed Duvessa
  4811 | D:6      | Killed Duvessa
  4817 | D:6      | Killed Dowan
  4861 | D:6      | Reached XP level 8. HP: 70/70 MP: 7/7
  4956 | D:6      | Found a staircase to the Ecumenical Temple.
  4956 | D:6      | Reached *** piety under Hepliaklqana
  4962 | Temple   | Entered the Ecumenical Temple
  5261 | D:6      | Reached skill level 7 in Maces & Flails
  5439 | D:6      | You fall into a shaft and drop 3 floors!
  5518 | D:8      | Noticed Harold
  5576 | D:9      | Noticed a two-headed ogre
  5735 | D:9      | Found a stormy altar of Qazlal.
  5886 | D:9      | Reached skill level 8 in Maces & Flails
  5891 | D:9      | Reached XP level 9. HP: 44/75 MP: 8/8
  5895 | D:9      | Reached skill level 5 in Dodging
  6038 | D:9      | Found a bloodstained altar of Trog.
  6171 | D:9      | Noticed Maurice
  6181 | D:9      | Paralysed by Maurice for 6 turns
  6198 | D:9      | Killed Maurice
  6254 | D:9      | Killed a two-headed ogre
  6255 | D:9      | Reached skill level 5 in Fighting
  6255 | D:9      | Reached skill level 9 in Maces & Flails
  6467 | D:9      | Identified a scroll of acquirement
  6467 | D:9      | Acquired the amulet of Vitality {Regen+ HP+15}
  6467 | D:9      | Found the amulet of Vitality {Regen+ HP+15}
  6824 | D:8      | Found a blossoming altar of Fedhas.
  6824 | D:8      | Found a shadowy altar of Dithmenos.
  6824 | D:8      | Noticed Gastronok
  6833 | D:8      | Killed Gastronok
  6834 | D:8      | Reached skill level 10 in Maces & Flails
  6834 | D:8      | Reached XP level 10. HP: 37/86 MP: 9/9
  7070 | D:8      | Killed Harold
  7160 | D:8      | Found an ornate altar of the Wu Jian Council.
  7160 | D:8      | Reached **** piety under Hepliaklqana
  7179 | D:8      | Found a one-way gate to the infinite horrors of the Abyss.
  7249 | D:8      | Found a large runed translucent door.
  7249 | D:8      | Found a large runed translucent door.
  7251 | D:8      | Found a corrupted altar of Lugonu.
  7251 | D:8      | Noticed a cyan ugly thing
  7254 | D:8      | Identified the +2 robe "Liqeaj" {Will+}
  7340 | D:8      | Found a burning altar of Makhleb.
  7342 | D:8      | Found a glowing golden altar of the Shining One.
  7342 | D:8      | Found a shimmering altar of Xom.
  7344 | D:8      | Found a radiant altar of Vehumet.
  7344 | D:8      | Found a sparkling altar of Nemelex Xobeh.
  7344 | D:8      | Found a bloodstained altar of Trog.
  7450 | D:8      | Found a sparkling altar of Nemelex Xobeh.
  7667 | D:8      | Reached skill level 11 in Maces & Flails
  7667 | D:8      | Reached skill level 1 in Armour
  7690 | D:7      | Found a glowing golden altar of the Shining One.
  7773 | D:7      | Found a flagged portal.
  7788 | Bailey   | Entered a bailey
  7869 | Bailey   | Noticed an orc knight
  7880 | Bailey   | Killed an orc knight
  7921 | Bailey   | Noticed an orc knight
  7921 | Bailey   | Noticed an orc knight
  7942 | Bailey   | Mangled by an orc knight

Illustrated notes

Levels and vault maps discovered:
D:1:      scummos_arrival_simple_crosswalls, layout_loops_ring,
          grunt_decor_fettered, minivault_14, dk_noncrumbling_4
D:2:      layout_loops_ring, ebering_ecumenical_altar_mist
D:3:      layout_loops_corners, serial_shops, shop, uniq_ijyb, uniq_terence
D:4:      layout_gridville
D:5:      layout_loops_ring, lemuel_tele_altar, overflow_temple_1_default,
          kennysheep_windowed_goal
D:6:      layout_cave_pools, minmay_temple_entry_nine_rooms, minmay_holes,
          uniq_duvessa
D:7:      layout_layer_cave, mainiacjoe_overflow_cross_hatched,
          gammafunk_temple_overflow_wave, enter_bailey_4,
          nicolae_fountain_basement
D:8:      due_chaos_kobolds, layout_cave_pools, gammafunk_temple_overflow_pools,
          overflow_temple_1_default, doesnt_xom_only_xom,
          nemelex_spade_bored_becter, st_stairs_11, uniq_harold, uniq_gastronok
D:9:      layout_basic, trog_book, grunt_qazlal_sundering,
          minmay_misc_feat_five, kennysheep_generic_room_12, uniq_maurice
Temple:   compressed_dpeg_triangle_lava_temple
Bailey:   bailey_axe_of_yendor_kennysheep, bailey

Skill      XL: |  1  2  3  4  5  6  7  8  9 10 |
---------------+-------------------------------+-----
Maces & Flails | 3 4 5 6 8 10 11 | 11.3
Throwing       | 1 2 |  2.3
Dodging        | 3 4 5 6 |  6.0
Fighting       | 3 4 5 6 |  6.2
Stealth        | 2 3 |  3.9
Armour         | 1 |  1.6

Action                   |  1- 3 |  4- 6 |  7- 9 | 10-12 || total
-------------------------+-------+-------+-------+-------++-------
Melee: Mace              |   149 |   179 |   125 |       ||   453
       Punch             |     1 |     4 |     1 |       ||     6
       Giant spiked club |       |       |    38 |    90 ||   128
Throw: Boomerang         |    13 |       |       |     6 ||    19
       Stone             |    19 |    13 |     2 |       ||    34
       Dart              |       |       |     5 |       ||     5
Invok: Ancestor Life: Ba |       |     1 |       |       ||     1
       Recall Ancestor   |       |       |     1 |     1 ||     2
Evoke: Wand              |       |       |       |     1 ||     1
  Use: Scroll            |       |       |    10 |     1 ||    11
 Stab: Sleeping          |     4 |     1 |     3 |     1 ||     9
       Distracted        |       |     1 |     3 |     5 ||     9
Armor: Robe              |    76 |    92 |    72 |     9 ||   249
       Acid dragon scale |       |       |       |    31 ||    31
Dodge: Dodged            |    82 |   105 |    89 |    63 ||   339
